 Dungeon Crawl Stone Soup version 0.17.0-24-gcfadda4 (webtiles) character file.

396 timbw the Ruffian (level 7, 1/52 HPs)
             Began as a Human Fighter on Nov 16, 2015.
             Was an Initiate of Makhleb.
             Quit the game on level 7 of the Dungeon.
             The game lasted 00:07:27 (1815 turns).

timbw the Ruffian (Human Fighter)                   Turns: 1815, Time: 00:07:27

Health: 1/52       AC:  7    Str: 16    XL:     7   Next: 9%
Magic:  7/7        EV:  6    Int:  9    God:    Makhleb [......]
Gold:   111        SH: 10    Dex: 14    Spells: 0 memorised, 6 levels left

rFire  . . .     SeeInvis .       - Unarmed
rCold  . . .     Clarity  .     a - +0 scale mail
rNeg   + . .     SustAt   .     b - +1 shield
rPois  .         Gourm    .     c - +0 helmet
rElec  .         Spirit   .     (no cloak)
rCorr  .         Warding  .     (no gloves)
rMut   .         Stasis   .     (no boots)
MR     .....                    (no amulet)
Stlth  ..........               (no ring)
                                g - ring of positive energy

@: very slightly contaminated, not resistant to hostile enchantments, extremely
unstealthy
A: no striking features
a: Renounce Religion


You were on level 7 of the Dungeon.
You worshipped Makhleb.
Makhleb was noncommittal.
You were not hungry.

You visited 2 branches of the dungeon, and saw 8 of its levels.

You collected 111 gold pieces.

Inventory:

Hand Weapons
 m - a +0 blowgun
Missiles
 o - 18 poisoned needles
Armour
 a - a +0 scale mail (worn)
 b - a +1 shield (worn)
 c - a +0 helmet (worn)
Jewellery
 g - a ring of positive energy (left hand)
Wands
 p - a wand of digging (14)
Scrolls
 e - a scroll of remove curse
 i - a scroll of recharging
 j - 2 scrolls of identify
Books
 n - a book of Ice

   Spells                             Type                      Level
   a - Ice Form                       Ice/Transmutation            4
   b - Metabolic Englaciation         Hexes/Ice                    5
   c - Ozocubu's Refrigeration        Ice                          6
   d - Bolt of Cold                   Conjuration/Ice              6
   e - Freezing Cloud                 Conjuration/Ice/Air          6
   f - Simulacrum                     Ice/Necromancy               6
Comestibles
 d - 2 bread rations
 k - a meat ration


   Skills:
 - Level 3.0 Fighting
 - Level 3.0 Armour
 - Level 3.0 Shields
 + Level 7.1 Unarmed Combat


You had 6 spell levels left.
You didn't know any spells.

Dungeon Overview and Level Annotations

Branches:
Dungeon (7/15)             Temple (1/1) D:5

Altars:
Cheibriados
Dithmenos
Gozag
Kikubaaqudgha
Makhleb
Nemelex Xobeh
Qazlal
Ru
Sif Muna
Vehumet
The Shining One

Shops:
D:7 %


Message History

As you read the scroll labeled TYBINL REHOIL, it crumbles to dust.
It is a scroll of identify.
Identify which item? (\ to view known items) (? for menu, Esc to quit)
i - a scroll of recharging A puff of frost appears from out of thin air!
The puff of frost hits you!
Read which item? (? for menu, Esc to quit)
As you read the scroll labeled JINEISO PAIPA, it crumbles to dust.
You hear a loud clanging noise!
It was a scroll of noise.
You hear a shout! x2
You hear a bark!
You hear a shout!
You hear a shout!
A puff of flame appears from out of thin air!
The puff of flame hits you!
* * * LOW HITPOINT WARNING * * *
Evoke which item? (* to show all) (? for menu, Esc to quit)
Okay, then.
You aren't carrying any potions.
You aren't carrying any potions.
Are you sure you want to abandon this character and quit the game? (Confirm with "yes".)

#......#
#......#
#......#
#..o...#
#..#####
#..##
#...#
#...#
#.@.#
#...#
#...#
#...#
#.≈≈≈
#≈≈≈≈≈
...∩≈≈
#.
.≈≈≈≈≈.
#. #.


You could see an orc.

Vanquished Creatures
  A black bear (D:7)
  A big kobold (D:6)
  A giant frog (D:7)
  An orc priest (D:6)
  A worker ant (D:5)
  A hound skeleton (D:5)
  A worker ant zombie (D:5)
  Robin (D:2)
  3 adders
  An adder skeleton (D:4)
  A worm (D:2)
  7 orcs
  A bat (D:3)
  A giant cockroach (D:6)
  10 goblins (D:2)
  5 hobgoblins (D:2)
  3 quokkas
  A giant gecko skeleton (D:5)
  A giant newt (D:2)
  2 jackal skeletons
  4 kobolds (D:6)
  A quokka skeleton (D:6)
49 creatures vanquished.

Notes
Turn   | Place    | Note
--------------------------------------------------------------
     0 | D:1      | timbw the Human Fighter began the quest for the Orb.
     0 | D:1      | Reached XP level 1. HP: 18/18 MP: 1/1
   158 | D:2      | Reached XP level 2. HP: 24/24 MP: 2/2
   161 | D:2      | Noticed Robin
   172 | D:2      | Killed Robin
   174 | D:2      | Reached XP level 3. HP: 26/29 MP: 3/3
   274 | D:3      | Found a deep blue altar of Sif Muna.
   456 | D:3      | Reached XP level 4. HP: 35/35 MP: 4/4
   458 | D:3      | Reached skill level 4 in Unarmed Combat
   594 | D:5      | Entered Level 5 of the Dungeon
   624 | D:5      | Found a staircase to the Ecumenical Temple.
   662 | D:5      | Reached XP level 5. HP: 3/41 MP: 5/5
   675 | Temple   | Entered the Ecumenical Temple
   688 | Temple   | Became a worshipper of Makhleb the Destroyer
  1005 | D:5      | Reached skill level 5 in Unarmed Combat
  1279 | D:7      | Reached XP level 6. HP: 18/47 MP: 6/6
  1386 | D:6      | Reached skill level 6 in Unarmed Combat
  1765 | D:7      | Noticed a black bear
  1780 | D:7      | Killed a black bear
  1780 | D:7      | Reached skill level 7 in Unarmed Combat
  1780 | D:7      | Reached XP level 7. HP: 16/52 MP: 7/7
  1810 | D:7      | Found Ukhloukh's Food Shop.
  1813 | D:7      | HP: 1/52 [something/puff of flame (9)]
  1815 | D:7      | Quit the game

Action                   |  1- 3 |  4- 6 |  7- 9 || total
-------------------------+-------+-------+-------++-------
Melee: Unarmed           |    98 |   229 |     1 ||   328
  Use: Potion            |     1 |     1 |       ||     2
       Scroll            |       |       |     5 ||     5
  Eat: Chunk             |       |     2 |       ||     2
       Beef jerky        |       |     1 |       ||     1
       Bread ration      |       |     1 |       ||     1
